 Dungeon Crawl Stone Soup version 0.26.0-10-g1f06aea511 (webtiles) character file.

Game seed: 12117444484048302597

40 Dracia the Ducker (level 3, -1/27 HPs)
             Began as a Demonspawn Gladiator on Jan 23, 2021.
             Slain by a worm (8 damage)
             ... on level 2 of the Dungeon.
             The game lasted 00:01:40 (1451 turns).

Dracia the Ducker (Demonspawn Gladiator)            Turns: 1451, Time: 00:01:41

Health: -1/27      AC:  6    Str: 15    XL:     3   Next: 30%
Magic:  3/3        EV: 13    Int:  9    God:
Gold:   51         SH:  0    Dex: 14    Spells: 2/2 levels left

rFire    . . .     SeeInvis .   a - +0 quarterstaff
rCold    . . .     Faith    .   (shield currently unavailable)
rNeg     . . .     Spirit   .   b - +0 leather armour
rPois    .         Reflect  .   c - +0 helmet
rElec    .         Harm     .   (no cloak)
rCorr    .         Rampage  .   (no gloves)
Will     .....                  (no boots)
Stlth    +.........             (no amulet)
HPRegen  0.09/turn              (no ring)
MPRegen  0.08/turn              (no ring)

@: no status effects
A: thin metallic scales 1
a: no special abilities


You were on level 2 of the Dungeon.
You visited 1 branch of the dungeon, and saw 2 of its levels.

You collected 51 gold pieces.


Innate Abilities, Weirdness & Mutations

You are partially covered in thin metallic scales. (AC +2)


   Skills:
 - Level 2.0 Fighting
 - Level 2.6 Staves
 - Level 1.7 Throwing
 + Level 1.8 Armour
 + Level 3.4 Dodging


You had 2 spell levels left.
You didn't know any spells.
Your spell library was empty.

Inventory:

Hand Weapons
 a - a +0 quarterstaff (weapon)
Missiles
 d - 3 throwing nets (quivered) {=f=f}
 j - 20 poisoned darts
Armour
 b - a +0 leather armour (worn)
 c - a +0 helmet (worn)
Scrolls
 g - a scroll of enchant weapon {unknown}
Potions
 e - a potion of cancellation {unknown}
 f - 2 potions of lignification {unknown}
 h - a potion of curing {unknown}
 i - a potion of degeneration {unknown}

Dungeon Overview and Level Annotations

Branches:
Dungeon (2/15)

Altars:

####........#
#...........# #...####
............# #......#
............###.....(#
..............#......#
†.............#......#
#..##...##....#......#
##.##.....#####......###
....+.....'.....@w......
###.#.....##...#†.......
#...)...##...#........
##......##...#........
####..######...#?....###
........# #...#.....#
........# #>..#.......
........# #...#.####..
....##+## #####


You could see a worm.


Message History

You barely miss the worm.
The worm is severely wounded.
The worm misses you. The goblin completely misses you.
You hit the worm.
The worm is severely wounded.
The goblin hits you but does no damage. The worm bites you.
* * * LOW HITPOINT WARNING * * *
You are too injured to fight recklessly!
You are too injured to fight recklessly!
You are too injured to fight recklessly!
Unknown command.
You hit the goblin.
The goblin is severely wounded.
The goblin barely misses you.
You barely miss the goblin.
The goblin is severely wounded.
The goblin closely misses you. The worm barely misses you.
You barely miss the goblin.
The goblin is severely wounded.
The goblin closely misses you. The worm bites you!
* * * LOW HITPOINT WARNING * * *
You hit the goblin.
You kill the goblin!
You barely miss the worm.
The worm is heavily wounded.
The worm closely misses you.
You thump the worm!
The worm is almost dead.
The worm bites you!
You die...

Skill      XL: |  1 |
---------------+----+-----
Dodging        | 3 |  3.4
Armour         | 1 |  1.8
Fighting       | |  2.0
Staves         | |  2.6
Throwing       | |  1.7

Action                   || total
-------------------------++-------
Melee: Quarterstaff      ||    88
  Use: Scroll            ||     1
Armor: Leather armour    ||    18
Dodge: Dodged            ||    63

Levels and vault maps discovered:
D:1:      tarquinn_simple_flora_water_a, layout_basic
D:2:      layout_basic, tgw_kikubaaqudgha

Notes
Turn   | Place    | Note
-------+----------+-------------------------------------------
     0 | D:1      | Dracia the Demonspawn Gladiator began the quest for the
                  | Orb.
     0 | D:1      | Reached XP level 1. HP: 16/16 MP: 1/1
   349 | D:1      | Reached skill level 3 in Dodging
   373 | D:1      | Reached skill level 1 in Armour
   373 | D:1      | Gained mutation: You are partially covered in thin metallic
                  | scales. (AC +2) [demonic ancestry]
   373 | D:1      | Reached XP level 2. HP: 22/22 MP: 2/2
  1398 | D:2      | Reached XP level 3. HP: 26/27 MP: 3/3
  1451 | D:2      | Slain by a worm

Vanquished Creatures
  An adder (D:2)
  A worm (D:2)
  A leopard gecko (D:1)
  3 bats
  4 goblins
  5 hobgoblins
  A kobold (D:1)
  3 frilled lizards
  9 rats
28 creatures vanquished.

Table legend: (Time is in decaauts)
 A = Elapsed time spent in this place.
 B = Non-inter-level travel time spent in this place.
 C = Inter-level travel time spent in this place.
 D = Time resting spent in this place.
 E = Time spent auto-exploring this place.
 F = Levels seen in this place.
 G = Mean time per level.
                   A        B        C        D        E       F      G
               +--------+--------+--------+--------+--------+-----+--------+
         Total |   1464 |   1402 |     62 |      0 |   1208 |   2 |  732.0 |
       Dungeon |   1464 |   1402 |     62 |      0 |   1208 |   2 |  732.0 |
               +--------+--------+--------+--------+--------+-----+--------+

Top non-repeatable levels by time:
     D:1: 1172 daAuts
     D:2: 292 daAuts

Table legend:
 A = Non-vault XP
 B = Vault XP
 C = Vault XP percentage of total XP
 D = Non-vault monster count
 E = Vault monster count
 F = Vault count percentage of total count
                 A         B        C        D         E       F
            +---------+---------+-------+---------+---------+-------
      Total |      58 |       0 |   0.0 |      28 |       0 |   0.0
            +---------+---------+-------+---------+---------+-------
        D:1 |      24 |       0 |   0.0 |      15 |       0 |   0.0
        D:2 |      34 |       0 |   0.0 |      13 |       0 |   0.0
            +---------+---------+-------+---------+---------+-------
